 Dungeon Crawl Stone Soup version 0.31-a0-188-g5e087ee2ca (webtiles) character file.

Game seed: 18300152379687528613

2625 qw the Skirmisher (level 9, -9/52 HPs)
             Began as a Deep Elf Hunter on June 23, 2023.
             Was an Initiate of Okawaru.
             Mangled by an orc warrior
             ... wielding a +0 glaive
              (11 damage)
             ... on level 9 of the Dungeon.
             The game lasted 00:03:20 (6555 turns).

qw the Skirmisher (Deep Elf Hunter)                 Turns: 6555, Time: 00:03:20

Health: -9/52      AC: 16    Str: 12    XL:     9   Next: 34%
Magic:  11/11      EV: 14    Int: 15    God:    Okawaru [......]
Gold:   402        SH:  0    Dex: 21    Spells: 8/8 levels left

rFire   . . .        Y - +0 shortbow
rCold   + . .        (shield currently unavailable)
rNeg    . . .        f - +0 ring mail
rPois   .            e - +1 helmet
rElec   .            j - +0 cloak
rCorr   .            i - +2 pair of gloves {hurl}
SInv    .            g - +4 pair of boots of Masochism {Drain rC+ Dex+3 Slay+3}
Will    .....        (no amulet)
Stlth   +            (no ring)
HPRegen 0.28/turn    (no ring)
MPRegen 0.12/turn

%: no passive effects
@: about to teleport
A: no striking features
a: Renounce Religion


You were on level 9 of the Dungeon.
You worshipped Okawaru.
Okawaru was noncommittal.
You visited 2 branches of the dungeon, and saw 10 of its levels.

You collected 402 gold pieces.


   Skills:
 - Level 4.1 Fighting
 - Level 14.1 Ranged Weapons
 - Level 2.3 Armour
 + Level 6.5 Dodging
 - Level 1.2 Stealth


You had 8 spell levels left.
You didn't know any spells.
Your spell library was empty.

Inventory:

Hand Weapons
 Y - a +0 shortbow (weapon)
Armour
 e - a +1 helmet (worn)
 f - a +0 ring mail (worn)
 g - the +4 pair of boots of Masochism (worn) {Drain rC+ Dex+3 Slay+3}
   (You found it on level 4 of the Dungeon)

   Dex:       It affects your dexterity (+3).
   Slay:      It affects your accuracy & damage with ranged weapons and melee
   (+3).
   rC:        It protects you from cold.
   Drain:     It drains your maximum health when unequipped.
 i - a +2 pair of gloves of hurling (worn)
 j - a +0 cloak (worn)
Scrolls
 a - 2 scrolls of identify
Potions
 c - a potion of might
 h - a potion of enlightenment

Dungeon Overview and Level Annotations

Branches:
Dungeon (9/15)             Temple (1/1) D:7            Lair (0/5) D:8
    Orc: D:9-12

Altars:
Ashenzari
Cheibriados
Dithmenos
Elyvilon
Fedhas
Gozag
Hepliaklqana
Kikubaaqudgha
Makhleb
Nemelex Xobeh
Okawaru
Qazlal
Ru
Sif Muna
Trog
Uskayaw
Vehumet
Wu Jian
Xom
Yredelemnul
Zin
The Shining One

Annotations:
D:9 Joseph


Message History

The killer bee buzzes angrily.
The arrow hits the orc!
You kill the orc!
Okawaru accepts your kill.
The howler monkey hoots and howls with incredible vigour!
The howler monkey barely misses you.
The orc warrior hits you from afar with a +0 glaive.
Joseph hits you with a +0 quarterstaff.
An orc comes into view. It is wielding a +0 hand axe.
The orc shouts!
You hear a shout!
You hear a bellow! x2; You hear a shout! x3
You hear a bellow!
You hear a shout! x7; You hear a bellow!
You shoot an arrow. The arrow hits the howler monkey.
The howler monkey is almost dead.
The howler monkey barely misses you. x2; Joseph closely misses you.
The orc priest hits you but does no damage.
The orc warrior hits you from afar with a +0 glaive.
You shoot an arrow. The arrow hits the howler monkey.
You kill the howler monkey!
Okawaru accepts your kill.
The howler monkey hits you but does no damage.
You shoot an arrow. The arrow hits Joseph!
Joseph is moderately wounded.
Joseph closely misses you.
The orc priest calls upon Beogh to heal the orc warrior.
The orc warrior is healed somewhat.
The orc warrior hits you from afar with a +0 glaive!
The howler monkey hits you.
6554 ||| READING scroll of teleportation.
As you read the scroll of teleportation, it crumbles to dust.
You feel strangely unstable. The orc closely misses you.
Joseph closely misses you. The orc priest barely misses you.
The orc warrior completely misses you.
The howler monkey hoots and howls with incredible vigour!
You hear a shout! x2; You hear a bellow!
You hear a shout!
You hear a bellow!
You hear a shout!
You hear a bellow!
You hear a shout!
You hear a bellow!
You shoot an arrow. The arrow hits Joseph.
Joseph is moderately wounded.
The howler monkey hits you but does no damage.
The orc warrior hits you from afar with a +0 glaive!
You die... o

o. o.. #####
....
#..@####o..o.
##.@hoooyo)...
#.....oyy..?..
#...###y......
#..# ###....
#... .>. #...
.. ..... ...


You could see Joseph, an orc warrior, a howler monkey (catching breath), 4
killer bees, an orc priest, an orc wizard and 2 orcs.

Vanquished Creatures
  A steam dragon (D:8)
  2 water moccasins
  A sky beast (D:8)
  An orc warrior (D:7)
  An ice beast (D:5)
  2 ogres (D:5)
  A kobold brigand (D:7)
  Blork the orc (D:5)
  5 bullfrogs
  A gnoll sergeant (D:8)
  3 scorpions
  4 killer bees (D:8)
  A howler monkey (D:9)
  3 hounds
  2 jellies
  3 orc priests
  3 iguanas
  11 orc wizards
  Natasha (thrice) (D:2)
  10 gnolls
  3 adders
  A shadow imp (D:6)
  5 white imps
  2 dart slugs
  34 orcs
  7 ball pythons
  8 endoplasms
  A giant cockroach (D:1)
  8 goblins
  5 hobgoblins
  9 kobolds
  4 quokkas
  6 bats
  A frilled lizard (D:2)
  2 rats (D:3)
155 creatures vanquished.

Notes
Turn   | Place    | Note
-------+----------+-------------------------------------------
     0 | D:1      | qw the Deep Elf Hunter began the quest for the Orb.
     0 | D:1      | Reached XP level 1. HP: 12/12 MP: 3/3
     0 | D:1      | 0 ||| qw: Version: 0.3-a-9-g12657ce
     0 | D:1      | 0 ||| qw: Game counter: 3462
     0 | D:1      | 0 ||| qw: Always use a shield: true
     0 | D:1      | 0 ||| qw: God list: Okawaru
     0 | D:1      | 0 ||| qw: Allow faded altars: false
     0 | D:1      | 0 ||| qw: Do Orc after D:15 true
     0 | D:1      | 0 ||| qw: Do second Lair branch before Depths: true
     0 | D:1      | 0 ||| qw: Lair rune preference: random
     0 | D:1      | 0 ||| qw: Plans: Normal
     0 | D:1      | 0 ||| PLANNING D:1-11
   294 | D:1      | Reached XP level 2. HP: 16/16 MP: 4/4
   334 | D:1      | Reached skill level 6 in Ranged Weapons
   376 | D:1      | You fall into a shaft and drop 1 floor!
   459 | D:2      | 459 ||| UPGRADING to +0 ring mail.
   469 | D:2      | 469 ||| DROPPING +0 leather armour.
   470 | D:2      | 470 ||| READING 3 scrolls labelled XAASANN JIUGI.
   471 | D:2      | 471 ||| READING scroll labelled SITUPE ERAOGH.
   472 | D:2      | 472 ||| READING 2 scrolls of identify.
   472 | D:2      | 472 ||| IDENTIFYING murky emerald potion
   473 | D:2      | 473 ||| DROPPING scroll of butterflies.
   474 | D:2      | 474 ||| DROPPING potion of lignification.
   753 | D:1      | 753 ||| READING scroll labelled ABLINUPTIE.
   842 | D:2      | Noticed Natasha
   846 | D:2      | Killed Natasha
   847 | D:2      | Reached skill level 7 in Ranged Weapons
   847 | D:2      | Reached XP level 3. HP: 20/20 MP: 5/5
  1004 | D:2      | Reached XP level 4. HP: 25/25 MP: 6/6
  1016 | D:2      | HP: 1/25 [gnoll/+0 flail (7)]
  1305 | D:2      | Reached skill level 8 in Ranged Weapons
  1307 | D:2      | Noticed Natasha
  1312 | D:2      | Killed Natasha
  1375 | D:2      | Noticed Natasha
  1379 | D:2      | Killed Natasha
  1380 | D:2      | Reached XP level 5. HP: 29/29 MP: 7/7
  1603 | D:2      | 1603 ||| UPGRADING to +0 pair of boots.
  1608 | D:2      | 1608 ||| UPGRADING to +0 helmet.
  1613 | D:2      | 1613 ||| READING 2 scrolls labelled DINEUCV VITTO.
  1617 | D:2      | 1617 ||| READING scroll labelled TISTRI LARIKK.
  1759 | D:3      | 1759 ||| FLEEEEING.
  1761 | D:3      | 1761 ||| FLEEEEING.
  1762 | D:3      | 1762 ||| FLEEEEING.
  1763 | D:3      | 1763 ||| FLEEEEING.
  1764 | D:3      | 1764 ||| FLEEEEING.
  1765 | D:3      | 1765 ||| FLEEEEING.
  1766 | D:3      | 1766 ||| FLEEEEING.
  1767 | D:3      | 1767 ||| FLEEEEING.
  1768 | D:3      | 1768 ||| FLEEEEING.
  1769 | D:3      | 1769 ||| FLEEEEING.
  1770 | D:3      | 1770 ||| FLEEEEING.
  1772 | D:3      | 1772 ||| FLEEEEING.
  1773 | D:3      | 1773 ||| FLEEEEING.
  1774 | D:3      | 1774 ||| FLEEEEING.
  1800 | D:3      | 1800 ||| READING scroll of enchant armour.
  1800 | D:3      | 1800 ||| ENCHANTING +0 helmet.
  2342 | D:3      | 2342 ||| READING 3 scrolls labelled VOLE JORINE.
  2343 | D:3      | 2343 ||| DRINKING 2 bubbling clear potions.
  2344 | D:3      | 2344 ||| READING 2 scrolls of identify.
  2344 | D:3      | 2344 ||| IDENTIFYING red potion
  2345 | D:3      | 2345 ||| DROPPING 2 scrolls of amnesia.
  2346 | D:3      | 2346 ||| DROPPING potion of attraction.
  2427 | D:4      | Reached skill level 9 in Ranged Weapons
  2671 | D:4      | Identified the +4 pair of boots of Masochism {Drain rC+
                  | Dex+3 Slay+3}
  2708 | D:4      | Reached skill level 1 in Armour
  2708 | D:4      | Reached XP level 6. HP: 35/35 MP: 8/8
  3002 | D:4      | 3002 ||| UPGRADING to +4 pair of boots of Masochism {Drain
                  | rC+ Dex+3 Slay+3}.
  3012 | D:4      | 3012 ||| DROPPING +0 pair of boots.
  3013 | D:4      | 3013 ||| UPGRADING to +0 cloak.
  3018 | D:4      | 3018 ||| READING scroll labelled ZUUSHR TAMA.
  3019 | D:4      | 3019 ||| READING scroll labelled ESUTWUSEIP.
  3020 | D:4      | 3020 ||| READING 2 scrolls of identify.
  3020 | D:4      | 3020 ||| IDENTIFYING clear potion
  3021 | D:4      | 3021 ||| DROPPING potion of berserk rage.
  3048 | D:5      | Entered Level 5 of the Dungeon
  3074 | D:5      | Reached skill level 3 in Dodging
  3134 | D:5      | Reached skill level 10 in Ranged Weapons
  3141 | D:5      | Noticed a water moccasin
  3148 | D:5      | HP: 6/35 [water moccasin (7)]
  3149 | D:5      | 3149 ||| DRINKING 2 potions of heal wounds.
  3157 | D:5      | HP: 8/35 [poisoned by a water moccasin]
  3158 | D:5      | 3158 ||| DRINKING potion of heal wounds.
  3166 | D:5      | Killed a water moccasin
  3167 | D:5      | Reached XP level 7. HP: 17/40 MP: 9/9
  3273 | D:5      | Reached skill level 11 in Ranged Weapons
  3485 | D:5      | 3485 ||| Stepping ~*~*~tactically~*~*~ (outnumbered).
  3499 | D:5      | Found a sparkling altar of Nemelex Xobeh.
  3520 | D:5      | Noticed Blork the orc
  3528 | D:5      | Killed Blork the orc
  3535 | D:5      | Reached skill level 12 in Ranged Weapons
  3535 | D:5      | Reached XP level 8. HP: 42/44 MP: 10/10
  3543 | D:5      | Identified the +1 short sword of Kupn {holy, Fly}
  3556 | D:5      | 3556 ||| Stepping ~*~*~tactically~*~*~ (outnumbered).
  3561 | D:5      | 3561 ||| Stepping ~*~*~tactically~*~*~ (outnumbered).
  3565 | D:5      | 3565 ||| Stepping ~*~*~tactically~*~*~ (outnumbered).
  3567 | D:5      | 3567 ||| Stepping ~*~*~tactically~*~*~ (outnumbered).
  3683 | D:5      | 3683 ||| READING scroll labelled KAPNOCWI WAEL.
  3727 | D:6      | Reached skill level 3 in Fighting
  4024 | D:6      | 4024 ||| UPGRADING to +0 pair of gloves.
  4029 | D:6      | 4029 ||| UPGRADING to +1 pair of gloves of hurling.
  4039 | D:6      | 4039 ||| DROPPING +0 pair of gloves.
  4040 | D:6      | 4040 ||| DRINKING 2 orange potions.
  4041 | D:6      | 4041 ||| READING 3 scrolls of identify.
  4041 | D:6      | 4041 ||| IDENTIFYING inky potion
  4097 | D:7      | Reached skill level 13 in Ranged Weapons
  4339 | D:7      | Found a stormy altar of Qazlal.
  4926 | D:7      | 4926 ||| Stepping ~*~*~tactically~*~*~ (outnumbered).
  4964 | D:7      | 4964 ||| Stepping ~*~*~tactically~*~*~ (outnumbered).
  4979 | D:7      | Found a staircase to the Ecumenical Temple.
  4980 | D:7      | 4980 ||| PLANNING TEMPLE
  4980 | D:7      | 4980 ||| READING scroll labelled GEROUP GEOGRY.
  5061 | D:7      | 5061 ||| READING 2 scrolls of identify.
  5061 | D:7      | 5061 ||| IDENTIFYING blue potion
  5062 | D:7      | 5062 ||| DROPPING potion of ambrosia.
  5071 | Temple   | Entered the Ecumenical Temple
  5138 | Temple   | 5138 ||| PLANNING OKAWARU WORSHIP
  5258 | Temple   | Became a worshipper of Warmaster Okawaru
  5259 | Temple   | 5259 ||| PLANNING D:1-11
  5581 | D:7      | 5581 ||| Stepping randomly (stuck).
  5665 | D:8      | 5665 ||| Stepping ~*~*~tactically~*~*~ (cloud).
  5666 | D:8      | 5666 ||| FLEEEEING.
  5667 | D:8      | 5667 ||| FLEEEEING.
  5676 | D:8      | 5676 ||| FLEEEEING.
  5680 | D:8      | 5680 ||| STAIRDANCE
  5742 | D:8      | Reached skill level 14 in Ranged Weapons
  5742 | D:8      | Reached XP level 9. HP: 50/50 MP: 11/11
  5865 | D:8      | Found a flagged portal.
  5868 | D:8      | 5868 ||| READING scroll of enchant armour.
  5868 | D:8      | 5868 ||| ENCHANTING +1 pair of gloves of hurling.
  5928 | D:8      | HP: 12/50 [killer bee (3)]
  5929 | D:8      | 5929 ||| READING 2 scrolls of teleportation.
  5933 | D:8      | HP: 5/50 [poisoned by a killer bee]
  5937 | D:8      | HP: 2/50 [poisoned by a killer bee]
  6133 | D:8      | Reached skill level 6 in Dodging
  6336 | D:8      | Found a staircase to the Lair.
  6351 | D:8      | Found a glowing golden altar of the Shining One.
  6473 | D:8      | Found a sacrificial altar of Ru.
  6531 | D:9      | 6531 ||| Stepping ~*~*~tactically~*~*~ (outnumbered).
  6535 | D:9      | Noticed Joseph
  6537 | D:9      | 6537 ||| Stepping ~*~*~tactically~*~*~ (outnumbered).
  6553 | D:9      | HP: 7/52 [orc warrior/+0 glaive (7)]
  6553 | D:9      | HP: 1/52 [howler monkey (6)]
  6554 | D:9      | 6554 ||| READING scroll of teleportation.
  6555 | D:9      | Mangled by an orc warrior

Levels and vault maps discovered:
D:1:      lemuel_arrival_rhombus, layout_loops_ring,
          nicolae_concentric_dashed_squares_mild, moated_statue
D:2:      layout_basic, uniq_natasha
D:3:      layout_basic, kennysheep_decorative_pillar
D:4:      layout_loops_ring
D:5:      layout_cave_pools, lemuel_tele_altar, uniq_blork_the_orc
D:6:      layout_rooms
D:7:      layout_loops_ring, old_standard_altar, minmay_temple_entry_poolview,
          kennysheep_cross_bottleneck, hex_medium, minmay_between
D:8:      layout_loops_ring, tso_oasis_becter, nicolae_overflow_hidden_temple,
          enter_bailey_3
D:9:      layout_layer_cave, orc_david_3, special_room [special_room_orc],
          minmay_misc_feat_cross, uniq_erica, uniq_joseph
Temple:   regret_index_temple_mists

Skill      XL: |  1  2  3  4  5  6  7  8  9 |
---------------+----------------------------+-----
Ranged Weapons | 7 8 9 10 12 14 | 14.1
Fighting       | 2 3 4 |  4.1
Armour         | 1 2 |  2.3
Dodging        | 3 4 5 6 |  6.5
Stealth        | |  1.2

Action                     |  1- 3 |  4- 6 |  7- 9 || total
---------------------------+-------+-------+-------++-------
   Fire: Shortbow          |    48 |   190 |   337 ||   575
    Use: Scroll            |     4 |     8 |     7 ||    19
         Potion            |       |     3 |     1 ||     4
 Armour: Ring mail         |     4 |    41 |    61 ||   106
  Dodge: Dodged            |     5 |    58 |   118 ||   181

Table legend:
 A = Non-vault XP
 B = Vault XP
 C = Vault XP percentage of total XP
 D = Non-vault monster count
 E = Vault monster count
 F = Vault count percentage of total count
                 A         B        C        D         E       F
            +---------+---------+-------+---------+---------+-------
      Total |    3438 |     313 |   8.3 |     143 |      12 |   7.7
            +---------+---------+-------+---------+---------+-------
        D:1 |      21 |       0 |   0.0 |      12 |       0 |   0.0
        D:2 |     166 |      33 |  16.6 |      22 |       1 |   4.3
        D:3 |      19 |       0 |   0.0 |      10 |       0 |   0.0
        D:4 |     171 |       0 |   0.0 |      18 |       0 |   0.0
        D:5 |    1012 |      94 |   8.5 |      30 |       1 |   3.2
        D:6 |     372 |       0 |   0.0 |      18 |       0 |   0.0
        D:7 |     519 |     170 |  24.7 |      13 |       3 |  18.8
        D:8 |     949 |       7 |   0.7 |      17 |       4 |  19.0
        D:9 |     209 |       9 |   4.1 |       3 |       3 |  50.0
            +---------+---------+-------+---------+---------+-------
